[Event "Titled Tuesday Blitz April 25 Early 2023"]
[White "Shimelkov, Vasiliy"]
[Black "Clawitter, Craig"]
[WhiteFideId "13701630"]
[BlackFideId "2023105"]
[WhiteElo "2073"]
[BlackElo "2220"]
[Result "1-0"]
[Round "07"]
[TimeControl "180+2"]
[Date "2023.04.25"]
[WhiteClock "0:00:52"]
[BlackClock "0:00:04"]

1. d4 e6 2. c4 Nf6 3. Nf3 d5 4. Nc3 c6 5. Bg5 h6 6. Bh4 dxc4 7. e4 g5 8. Bg3 b5 9. Qc2 Bb7 10. Be2 Nbd7 11. O-O a6 12. e5 Nd5 13. Ne4 c5 14. a4 g4 15. Bh4 Qc7 16. Nfd2 cxd4 17. Bxg4 Nxe5 18. Bg3 h5 19. Bf3 h4 20. Nf6+ Nxf6 21. Bxe5 Qxe5 22. Bxb7 Rd8 23. Bc6+ Ke7 24. axb5 axb5 25. Ra7+ Kd6 26. Ra6 Kc7 27. b3 c3 28. Nf3 Qc5 29. Qa2 1-0


[Site "https://www.chess.com"]

[Event "Titled Tuesday Blitz April 25 Early 2023"]
[White "Chakravarthi Reddy, M"]
[Black "Dwilewicz, Katarzyna"]
[WhiteFideId "25009532"]
[BlackFideId "1148486"]
[WhiteElo "2201"]
[BlackElo "2065"]
[Result "0-1"]
[Round "07"]
[TimeControl "180+2"]
[Date "2023.04.25"]
[WhiteClock "0:01:35"]
[BlackClock "0:01:26"]

1. e4 c5 2. Nf3 d6 3. d4 cxd4 4. Nxd4 Nf6 5. Nc3 a6 6. Bg5 Nbd7 7. Qe2 g6 8. O-O-O Bg7 9. h4 h6 10. Be3 O-O 11. f4 Qc7 12. h5 Nxh5 13. Rxh5 gxh5 14. Qxh5 Nf6 15. Qh1 Bg4 16. Be2 Bxe2 17. Ndxe2 b5 18. f5 b4 19. Bxh6 bxc3 20. Bxg7 Kxg7 21. Rd3 cxb2+ 22. Kb1 Nxe4 23. Qh4 Rh8 24. Qxe4 Rh1+ 25. Kxb2 Rb8+ 26. Rb3 Rxb3+ 27. axb3 Qc5 28. Nc3 Qe5 29. Qf4 Qxf4 0-1


[Site "https://www.chess.com"]

[Event "Titled Tuesday Blitz April 25 Early 2023"]
[White "Quirke, Jeffrey"]
[Black "Carrasco Miranda, Andres"]
[WhiteFideId "2013029"]
[BlackFideId "3405990"]
[WhiteElo "2217"]
[BlackElo "2183"]
[Result "1-0"]
[Round "07"]
[TimeControl "180+2"]
[Date "2023.04.25"]
[WhiteClock "0:00:04"]
[BlackClock "0:00:08"]

1. e4 e5 2. d4 exd4 3. Qxd4 Nc6 4. Qe3 Nf6 5. Bd2 Bb4 6. a3 Bxd2+ 7. Nxd2 O-O 8. O-O-O d5 9. Ngf3 Re8 10. Bd3 Qe7 11. Rhe1 dxe4 12. Qf4 Nd5 13. Qxe4 Qxe4 14. Nxe4 Be6 15. Nc5 Nf4 16. Nxb7 Nxg2 17. Rg1 Bg4 18. Ng5 Bxd1 19. Kxd1 Nf4 20. Bb5 Ne5 21. Bxe8 Rxe8 22. Nc5 f6 23. Nge4 Kf7 24. Rg3 Nc4 25. b3 Nxa3 26. Nc3 Rd8+ 27. Kc1 Nb5 28. Nxb5 Ne2+ 29. Kb2 Nxg3 30. hxg3 Rd5 31. b4 Rf5 32. f4 g5 33. Nxc7 gxf4 34. gxf4 Rxf4 35. Kb3 h5 36. Nd5 Rf3+ 37. Nd3 h4 38. Nf4 h3 39. Nxh3 Rxh3 40. Kc4 Rh2 41. c3 Ke6 42. Kc5 Rd2 43. Kc4 Kd6 44. Nc5 f5 45. Nd3 a6 46. Nf4 Rf2 47. Nd3 f4 48. Kd4 f3 49. Nxf2 Kc6 50. Ke3 Kb5 51. Kxf3 Kc4 52. Nd1 Kb3 53. Ke3 Kc2 54. Ke2 Kb3 55. Kd3 Ka4 56. Kc4 Ka3 57. Ne3 Ka4 58. Kd4 Kb3 59. Nd5 a5 60. bxa5 Ka4 61. a6 Kb5 62. a7 Kc6 63. a8=Q+ Kb5 64. Qb7+ Ka4 65. Qb4# 1-0


[Site "https://www.chess.com"]

[Event "Titled Tuesday Blitz April 25 Early 2023"]
[White "Melaugh, Shane"]
[Black "GregLeBarbare"]
[WhiteFideId "2509580"]
[WhiteElo "2034"]
[BlackElo "2157"]
[Result "0-1"]
[Round "07"]
[TimeControl "180+2"]
[Date "2023.04.25"]
[WhiteClock "0:00:22"]
[BlackClock "0:00:10"]

1. d4 e6 2. c4 Nf6 3. Nc3 Bb4 4. Qc2 Nc6 5. e3 d6 6. Nf3 O-O 7. Bd3 e5 8. O-O Bg4 9. dxe5 dxe5 10. Nd5 Bxf3 11. gxf3 Nxd5 12. cxd5 Qxd5 13. Bxh7+ Kh8 14. Be4 Qe6 15. Bxc6 bxc6 16. Qe4 Rab8 17. Kh1 Be7 18. b3 Rb4 19. Qd3 Rh4 20. Rg1 Rd8 21. Qf1 Qf6 22. Qg2 e4 23. Rb1 exf3 24. Qf1 Qh6 25. Rg2 fxg2+ 26. Qxg2 Rd1+ 27. Qf1 Rxf1+ 28. Kg2 Rxh2+ 29. Kxf1 Rh1+ 30. Ke2 Qg6 31. Rb2 Rxc1 32. Rd2 Qb1 33. Kf3 Rg1 34. Rd4 Bd6 35. Rh4+ Kg8 36. Rd4 Qxa2 37. b4 Qb1 38. Rh4 Qd1+ 39. Ke4 Qd5# 0-1


[Site "https://www.chess.com"]

[Event "Titled Tuesday Blitz April 25 Early 2023"]
[White "Jaivardhan Raj"]
[Black "Degtiarev, Evgeny"]
[WhiteFideId "25744437"]
[BlackFideId "4149610"]
[WhiteElo "1772"]
[BlackElo "2284"]
[Result "0-1"]
[Round "07"]
[TimeControl "180+2"]
[Date "2023.04.25"]
[WhiteClock "0:01:28"]
[BlackClock "0:01:21"]

1. g3 d5 2. Bg2 c6 3. b3 Nf6 4. Bb2 a5 5. d3 a4 6. Nd2 a3 7. Bc1 e5 8. c4 Bb4 9. cxd5 cxd5 10. Rb1 Nc6 11. e3 Bf5 12. Ne2 Bxd3 13. Ra1 O-O 14. O-O Rc8 15. Nb1 Bxe2 16. Qxe2 Qa5 17. Bd2 e4 18. Rd1 Ne5 19. Bxb4 Qxb4 20. Rd4 Rc1+ 21. Bf1 Qe1 22. Rd2 Nf3+ 23. Kg2 Nxd2 0-1


[Site "https://www.chess.com"]

[Event "Titled Tuesday Blitz April 25 Early 2023"]
[White "Maluco_do_Natal_00"]
[Black "Sovetbekova, Nurai"]
[BlackFideId "13801910"]
[WhiteElo "2010"]
[BlackElo "1857"]
[Result "0-1"]
[Round "07"]
[TimeControl "180+2"]
[Date "2023.04.25"]
[WhiteClock "0:00:01"]
[BlackClock "0:00:03"]

1. e4 c5 2. Nf3 d6 3. d4 cxd4 4. Nxd4 Nf6 5. Nc3 a6 6. Be3 e5 7. Nb3 Be6 8. Qd2 Be7 9. f3 h5 10. O-O-O Nbd7 11. Kb1 b5 12. a3 Qc7 13. h3 Nc5 14. Nd5 Bxd5 15. exd5 Nxb3 16. cxb3 Qb7 17. Be2 Bd8 18. g4 Bb6 19. Bxb6 Qxb6 20. g5 Nd7 21. f4 Rc8 22. Rc1 O-O 23. Bxh5 exf4 24. Rxc8 Rxc8 25. Bg4 Qc7 26. Bxd7 Qxd7 27. Qxf4 Rc5 28. Qe4 g6 29. Rf1 Rc8 30. h4 Re8 31. Qf3 Re5 32. Ka2 Qe7 33. Rc1 Re3 34. Rc8+ Kg7 35. Qf4 Re4 36. Qf2 Qe5 37. Rc7 Rf4 38. Qa7 Qxd5 39. Re7 Rf3 40. Re3 Rxe3 41. Qxe3 Qe5 42. Qf2 Qe6 43. Qf3 d5 44. Qc3+ Kg8 45. Qd4 Qd6 46. Qc3 d4 47. Qc8+ Kg7 48. Qc2 d3 49. Qc3+ Kg8 50. Qd2 Qd4 51. Qe1 d2 52. Qe8+ Kg7 0-1


[Site "https://www.chess.com"]

[Event "Titled Tuesday Blitz April 25 Early 2023"]
[White "Todorovic, Bojan"]
[Black "Castillo Pena, Patricia Evarista"]
[WhiteFideId "917087"]
[BlackFideId "6412106"]
[WhiteElo "2266"]
[BlackElo "1919"]
[Result "1-0"]
[Round "07"]
[TimeControl "180+2"]
[Date "2023.04.25"]
[WhiteClock "0:01:04"]
[BlackClock "0:00:05"]

1. g3 d5 2. Bg2 Nf6 3. Nf3 c5 4. O-O Nc6 5. c4 e6 6. d4 cxd4 7. Nxd4 Be7 8. Nc3 O-O 9. cxd5 exd5 10. Bg5 h6 11. Be3 Bg4 12. h3 Bh5 13. Nf5 d4 14. Nxd4 Nxd4 15. Qxd4 Qxd4 16. Bxd4 Rfd8 17. Rfd1 Bb4 18. g4 Bg6 19. Bxf6 gxf6 20. Nd5 Bf8 21. Nxf6+ Kg7 22. Nd7 Bc2 23. Rd2 Ba4 24. Bxb7 Rxd7 25. Rxd7 Bxd7 26. Bxa8 Bb5 27. Bf3 a6 28. Rc1 Bb4 29. Rc7 Kf6 30. Bd5 Bxe2 31. Rxf7+ Ke5 32. Bb3 Bb5 33. f4+ Ke4 34. g5 hxg5 35. fxg5 Bc5+ 36. Kg2 Ke5 37. Rf6 Be3 38. h4 Bd3 39. Re6+ Kf4 40. Rxe3 Kxe3 41. h5 Kf4 42. g6 1-0


[Site "https://www.chess.com"]

[Event "Titled Tuesday Blitz April 25 Early 2023"]
[White "Pavlidis, Anastasios"]
[Black "Lohani, Sujana"]
[WhiteFideId "4208404"]
[BlackFideId "12311987"]
[WhiteElo "2210"]
[BlackElo "1718"]
[Result "1-0"]
[Round "07"]
[TimeControl "180+2"]
[Date "2023.04.25"]
[WhiteClock "0:01:27"]
[BlackClock "0:00:11"]

1. d4 c6 2. e4 d5 3. Nc3 dxe4 4. Nxe4 Nf6 5. Nxf6+ exf6 6. Nf3 Bd6 7. Bd3 O-O 8. O-O g6 9. h3 Qc7 10. c3 Nd7 11. Bh6 Re8 12. Re1 Qd8 13. Rxe8+ Qxe8 14. Qd2 Nb6 15. Re1 Be6 16. c4 Bc7 17. Qc3 Qd8 18. d5 cxd5 19. c5 Nd7 20. Nd4 Ne5 21. f4 Nxd3 22. Qxd3 Qd7 23. h4 Re8 24. h5 Bg4 25. Rxe8+ Qxe8 26. hxg6 hxg6 27. Nc2 Kh7 28. Ne3 Bd7 29. Nxd5 Bd8 30. Ne3 Kxh6 31. f5 Bc6 32. Qd2 Kg7 33. Ng4 Bc7 34. Qh6+ Kg8 35. Nxf6# 1-0


[Site "https://www.chess.com"]

[Event "Titled Tuesday Blitz April 25 Early 2023"]
[White "Sarkar, Justin"]
[Black "Sanchez, Robert"]
[WhiteFideId "2010011"]
[BlackFideId "2034360"]
[WhiteElo "2189"]
[BlackElo "1940"]
[Result "1-0"]
[Round "07"]
[TimeControl "180+2"]
[Date "2023.04.25"]
[WhiteClock "0:00:34"]
[BlackClock "0:00:14"]

1. e4 d5 2. exd5 Qxd5 3. Nc3 Qe6+ 4. Be2 Qg6 5. Nf3 Qxg2 6. Rg1 Qh3 7. d4 g6 8. Bc4 h6 9. Rg3 Qf5 10. Ne5 e6 11. Rf3 Qh5 12. Nxf7 Rh7 13. Ne5 Qxh2 14. Bf4 Qg1+ 15. Bf1 Nc6 16. Nxc6 bxc6 17. Qd3 Rf7 18. O-O-O Qg4 19. Bh3 Qh5 20. Qe4 Nf6 21. Qxc6+ Rd7 22. Qxa8 Qxf3 23. Qxf3 1-0


[Site "https://www.chess.com"]

[Event "Titled Tuesday Blitz April 25 Early 2023"]
[White "Vargas, Mauricio"]
[Black "Jiganchine, Roman"]
[WhiteFideId "4404572"]
[BlackFideId "2603667"]
[WhiteElo "1998"]
[BlackElo "2249"]
[Result "0-1"]
[Round "07"]
[TimeControl "180+2"]
[Date "2023.04.25"]
[WhiteClock "0:00:05"]
[BlackClock "0:01:08"]

1. f3 d5 2. e4 c6 3. d3 e5 4. g3 h5 5. Bg2 h4 6. Nc3 Be7 7. f4 Nf6 8. fxe5 Ng4 9. h3 Nxe5 10. g4 d4 11. Nce2 c5 12. Bf4 Nbc6 13. Qd2 Be6 14. a3 Qb6 15. O-O-O O-O 16. Nf3 Nxf3 17. Bxf3 c4 18. dxc4 Rfd8 19. g5 Bxc4 20. Qe1 d3 21. cxd3 Bxa3 22. Rd2 Bxd3 0-1


[Site "https://www.chess.com"]

[Event "Titled Tuesday Blitz April 25 Early 2023"]
[White "Prado, Alexandra"]
[Black "Levitan, Caleb Levi"]
[WhiteFideId "3301346"]
[BlackFideId "14332620"]
[WhiteElo "1759"]
[BlackElo "1963"]
[Result "0-1"]
[Round "07"]
[TimeControl "180+2"]
[Date "2023.04.25"]
[WhiteClock "0:00:06"]
[BlackClock "0:00:07"]

1. e4 e5 2. Nf3 Nc6 3. Bc4 Bc5 4. O-O Nf6 5. d4 Bxd4 6. Nxd4 Nxd4 7. Bg5 h6 8. Bh4 O-O 9. f4 d6 10. fxe5 dxe5 11. Bxf6 gxf6 12. Qh5 Kg7 13. Na3 Qe7 14. c3 Ne6 15. Rf3 Nf4 16. Rg3+ Kh7 17. Qh4 Bd7 18. Rf1 Rg8 19. Rxg8 Rxg8 20. g3 Rg4 21. Qxg4 Bxg4 22. gxf4 exf4 23. Rxf4 Be6 24. Bxe6 fxe6 25. Kf2 e5 26. Rf3 Qc5+ 27. Ke2 Qc6 28. Ke3 Qb6+ 29. Kd3 Qxb2 30. Nc4 Qb1+ 31. Kd2 Qxa2+ 32. Kd3 Qb1+ 33. Kd2 Qxe4 34. Rxf6 Qxc4 0-1


[Site "https://www.chess.com"]

[Event "Titled Tuesday Blitz April 25 Early 2023"]
[White "Kiseleva, Arina"]
[Black "Sohier, Julien"]
[WhiteFideId "4164989"]
[BlackFideId "645346"]
[WhiteElo "1708"]
[BlackElo "2209"]
[Result "1-0"]
[Round "07"]
[TimeControl "180+2"]
[Date "2023.04.25"]
[WhiteClock "0:00:20"]
[BlackClock "0:00:07"]

1. d4 d5 2. Nf3 Nf6 3. e3 e6 4. Bd3 c5 5. O-O Nc6 6. b3 Bd6 7. Bb2 O-O 8. Nbd2 b6 9. dxc5 bxc5 10. c4 Ba6 11. Qe2 Nb4 12. Bb1 Qe7 13. a3 Nc6 14. Qd3 g6 15. Qc3 e5 16. Re1 d4 17. exd4 cxd4 18. Qc2 Rfe8 19. Nxd4 Nxd4 20. Bxd4 Bb7 21. Bc3 Ng4 22. Ne4 Qh4 23. h3 Bxe4 24. Rxe4 f5 25. Re2 Nxf2 26. Rxf2 Bc5 27. Kf1 Bxf2 28. Qxf2 Qg5 29. Bc2 Rad8 30. Re1 e4 31. Qxa7 Qe7 32. Qe3 Qd7 33. c5 1-0


[Site "https://www.chess.com"]

[Event "Titled Tuesday Blitz April 25 Early 2023"]
[White "Larina, Maria"]
[Black "Antonio, Jorge Carlos"]
[WhiteFideId "24113182"]
[BlackFideId "113190"]
[WhiteElo "1848"]
[BlackElo "2247"]
[Result "0-1"]
[Round "07"]
[TimeControl "180+2"]
[Date "2023.04.25"]
[WhiteClock "0:00:03"]
[BlackClock "0:00:02"]

1. e4 c5 2. Nc3 e6 3. Nf3 Nc6 4. d4 cxd4 5. Nxd4 Nf6 6. Nxc6 bxc6 7. Bd3 d5 8. O-O d4 9. Ne2 e5 10. f4 Bd6 11. c3 c5 12. cxd4 cxd4 13. f5 O-O 14. h3 a5 15. g4 Ba6 16. Bxa6 Rxa6 17. Qd3 Rc6 18. g5 Nd7 19. f6 g6 20. Qg3 Kh8 21. Qh4 Rc2 22. Ng3 Rg8 23. Qg4 Nc5 24. h4 Qd7 25. Qxd7 Nxd7 26. Rf2 Rgc8 27. Rf1 Nc5 28. Rd1 h6 29. h5 gxh5 30. g6 fxg6 31. Bxh6 h4 32. Bg7+ Kg8 33. Nf1 Nxe4 34. Rab1 Kf7 35. a3 g5 36. b4 axb4 37. axb4 g4 38. b5 Nc5 39. b6 Rb8 40. Rb5 g3 41. Nd2 e4 42. Rxc5 Bxc5 43. Nxe4 Bxb6 44. Ng5+ Kg6 45. f7 Bc5 46. Bxd4 Bxd4+ 47. Rxd4 Kxg5 48. Rd5+ Kg4 49. Rd1 Kh3 50. Re1 Rf8 51. Rf1 Rc7 52. Rd1 Rcxf7 53. Re1 Rf3 54. Rd1 Rf2 55. Re1 Rg2+ 56. Kh1 Rff2 57. Re2 Rh2+ 58. Kg1 Rxe2 0-1


[Site "https://www.chess.com"]

[Event "Titled Tuesday Blitz April 25 Early 2023"]
[White "Amitpal, Singh"]
[Black "Necula, Iulian"]
[WhiteFideId "5012899"]
[BlackFideId "1232380"]
[WhiteElo "2107"]
[BlackElo "1790"]
[Result "1/2-1/2"]
[Round "07"]
[TimeControl "180+2"]
[Date "2023.04.25"]
[WhiteClock "0:00:31"]
[BlackClock "0:00:54"]

1. e4 d6 2. d4 Nf6 3. Nc3 e5 4. dxe5 dxe5 5. Qxd8+ Kxd8 6. Nf3 Bd6 7. Bc4 Be6 8. Bxe6 fxe6 9. Ng5 Ke7 10. Be3 h6 11. Nf3 a6 12. O-O-O Nbd7 13. Na4 b5 14. Nc3 b4 15. Ne2 Nxe4 16. Ng3 Nxg3 17. hxg3 Rhf8 18. Rh4 a5 19. g4 Nf6 20. g5 Nd5 21. gxh6 Nxe3 22. hxg7 Rg8 23. fxe3 Rxg7 24. Rh5 e4 25. Ne1 a4 26. Rh4 Bg3 27. Rxe4 Bxe1 28. Rxe1 b3 29. axb3 axb3 30. Rc4 Ra1+ 31. Kd2 Rxg2+ 32. Re2 Rxe2+ 33. Kxe2 bxc2 34. Rxc7+ Kd6 35. Rxc2 Kd5 36. Kd3 Rd1+ 37. Rd2 Rb1 38. e4+ Ke5 39. Ke3 Re1+ 40. Re2 Rb1 41. Rd2 Re1+ 42. Re2 1/2-1/2


[Site "https://www.chess.com"]

[Event "Titled Tuesday Blitz April 25 Early 2023"]
[White "Flis, Pawel"]
[Black "dDobravcan"]
[WhiteFideId "1112864"]
[WhiteElo "1822"]
[BlackElo "2140"]
[Result "0-1"]
[Round "07"]
[TimeControl "180+2"]
[Date "2023.04.25"]
[WhiteClock "0:00:01"]
[BlackClock "0:00:09"]

1. e4 c5 2. d4 cxd4 3. Nf3 e6 4. Nxd4 d6 5. Nc3 a6 6. Be3 Nf6 7. f3 b5 8. Qd2 Bb7 9. Bd3 Nbd7 10. O-O-O Rc8 11. g4 Nc5 12. Kb1 Be7 13. g5 Nh5 14. h4 O-O 15. Rhg1 b4 16. Nce2 d5 17. e5 Qc7 18. f4 Ne4 19. Bxe4 dxe4 20. Ng3 Nxg3 21. Rxg3 Rfd8 22. Qf2 Bc5 23. Rd2 Qb6 24. Nb3 Bxe3 25. Qxe3 Qc6 26. Na5 Rxd2 27. Qxd2 Qd5 28. Qxd5 Bxd5 29. Kc1 Kf8 30. Re3 f6 31. gxf6 gxf6 32. exf6 Kf7 33. Nb3 Kxf6 34. Nd4 Rc4 35. c3 bxc3 36. bxc3 Ra4 37. Nb3 Rxa2 38. Nd2 Kf5 39. c4 Kxf4 40. Rb3 Bc6 0-1


[Site "https://www.chess.com"]

[Event "Titled Tuesday Blitz April 25 Early 2023"]
[White "Chigaev, Maksim"]
[Black "Gupta, Abhijeet"]
[WhiteFideId "4108116"]
[BlackFideId "5010608"]
[WhiteElo "2547"]
[BlackElo "2528"]
[Result "0-1"]
[Round "08"]
[TimeControl "180+2"]
[Date "2023.04.25"]
[WhiteClock "0:00:33"]
[BlackClock "0:01:00"]

1. d4 Nf6 2. Bg5 Ne4 3. Bf4 d5 4. e3 c5 5. Bd3 cxd4 6. Bxe4 dxe4 7. Qxd4 Qxd4 8. exd4 Nc6 9. Ne2 Nb4 10. Na3 Nd5 11. Bg3 Bd7 12. O-O h5 13. c4 Nb4 14. h4 g6 15. Nc3 f5 16. Be5 Rg8 17. f3 Nd3 18. fxe4 Nxe5 19. dxe5 e6 20. Nc2 O-O-O 21. Rae1 Be7 22. g3 g5 23. exf5 gxh4 24. f6 Bc5+ 25. Kg2 Bc6+ 26. Kh3 Rxg3+ 27. Kxh4 Rg4+ 0-1


[Site "https://www.chess.com"]

[Event "Titled Tuesday Blitz April 25 Early 2023"]
[White "Korobov, Anton"]
[Black "Nakamura, Hikaru"]
[WhiteFideId "14105730"]
[BlackFideId "2016192"]
[WhiteElo "2638"]
[BlackElo "2885"]
[Result "0-1"]
[Round "08"]
[TimeControl "180+2"]
[Date "2023.04.25"]
[WhiteClock "0:00:06"]
[BlackClock "0:00:41"]

1. d4 Nf6 2. c4 e6 3. Nf3 d5 4. Nc3 dxc4 5. e4 b5 6. e5 Nd5 7. Nxb5 Nb6 8. Be2 Bb7 9. O-O Qd7 10. Nc3 Nc6 11. Qd2 Ne7 12. Qf4 Nf5 13. Rd1 Be7 14. g4 Nh4 15. Nxh4 g5 16. Qe3 gxh4 17. Ne4 O-O-O 18. a4 Nd5 19. Qh3 Nb4 20. Bf3 Nc2 21. Be3 Nxa1 22. Rxa1 Bd5 23. Nc3 c6 24. Nxd5 cxd5 25. Qf1 Kb8 26. b3 cxb3 27. Qd3 Ka8 28. Qxb3 Rb8 29. Qd3 h6 30. a5 Bg5 31. a6 h3 32. Bd1 Rb4 33. Rc1 Rc8 34. Rxc8+ Qxc8 35. f4 Bd8 36. Kf2 Bh4+ 37. Kf3 Qc4 38. Be2 Qxd3 39. Bxd3 Rb2 40. f5 Bg5 41. fxe6 fxe6 42. Bxg5 hxg5 43. Bg6 Rb6 44. Kg3 Rxa6 45. Kxh3 Kb7 46. Kg3 Ra3+ 47. Kg2 Kc7 48. h4 gxh4 0-1


[Site "https://www.chess.com"]

[Event "Titled Tuesday Blitz April 25 Early 2023"]
[White "Moussard, Jules"]
[Black "Naroditsky, Daniel"]
[WhiteFideId "642908"]
[BlackFideId "2026961"]
[WhiteElo "2610"]
[BlackElo "2633"]
[Result "1/2-1/2"]
[Round "08"]
[TimeControl "180+2"]
[Date "2023.04.25"]
[WhiteClock "0:01:11"]
[BlackClock "0:00:28"]

1. e4 c5 2. Nf3 d6 3. d4 cxd4 4. Nxd4 Nf6 5. Nc3 a6 6. h3 e5 7. Nb3 Be7 8. Be3 Be6 9. Qd2 a5 10. Bb5+ Nc6 11. a4 O-O 12. O-O-O Nb4 13. Kb1 Rc8 14. f3 d5 15. exd5 Nfxd5 16. Nxd5 Bxd5 17. c4 Be6 18. Qxd8 Bf5+ 19. Ka1 Nc2+ 20. Ka2 Nb4+ 21. Ka1 Rfxd8 22. Bb6 Nc2+ 23. Ka2 Nb4+ 24. Ka1 Rxd1+ 25. Rxd1 Nc2+ 26. Ka2 Nb4+ 27. Ka1 Nc2+ 28. Ka2 Nb4+ 29. Ka1 1/2-1/2


[Site "https://www.chess.com"]

[Event "Titled Tuesday Blitz April 25 Early 2023"]
[White "Caruana, Fabiano"]
[Black "Le, Tuan Minh"]
[WhiteFideId "2020009"]
[BlackFideId "12401153"]
[WhiteElo "2837"]
[BlackElo "2566"]
[Result "1-0"]
[Round "08"]
[TimeControl "180+2"]
[Date "2023.04.25"]
[WhiteClock "0:00:11"]
[BlackClock "0:00:02"]

1. e4 c5 2. Nf3 Nf6 3. Nc3 d5 4. exd5 Nxd5 5. Nxd5 Qxd5 6. b3 Bg4 7. Bb2 Nc6 8. Be2 e6 9. h3 Bh5 10. O-O Be7 11. c4 Qd7 12. Ne5 Bxe2 13. Qxe2 Nxe5 14. Bxe5 Bf6 15. Bxf6 gxf6 16. Rab1 O-O-O 17. Qf3 Rhg8 18. Qxf6 Qc6 19. f3 Rxd2 20. Rf2 Qd7 21. Rbf1 b6 22. Qh6 Rxf2 23. Rxf2 Qd3 24. Qf6 Qe3 25. Qh4 Rd8 26. Kh2 Rd4 27. Qg3 h5 28. f4 Qe1 29. Qf3 Rd1 30. Re2 Qg1+ 31. Kg3 Qd4 32. Qa8+ Kd7 33. Qxa7+ Ke8 34. Qa8+ Ke7 35. Qe4 Qc3+ 36. Kh2 h4 37. Qf3 Qa1 38. g4 Rh1+ 39. Qxh1 Qc3 40. Qb7+ Kf6 41. Qg2 Qd3 42. Qf2 Kg7 43. Kg2 b5 44. Qe3 Qd7 45. cxb5 Qxb5 46. f5 Qc6+ 47. Kf2 1-0


[Site "https://www.chess.com"]

[Event "Titled Tuesday Blitz April 25 Early 2023"]
[White "So, Wesley"]
[Black "Paravyan, David"]
[WhiteFideId "5202213"]
[BlackFideId "4194985"]
[WhiteElo "2749"]
[BlackElo "2563"]
[Result "1-0"]
[Round "08"]
[TimeControl "180+2"]
[Date "2023.04.25"]
[WhiteClock "0:00:23"]
[BlackClock "0:00:03"]

1. e4 e5 2. Nf3 Nf6 3. Nxe5 d6 4. Nd3 Nxe4 5. Qe2 Qe7 6. Nf4 Nc6 7. Nd5 Qe5 8. Nbc3 Nxc3 9. dxc3 Qxe2+ 10. Bxe2 Kd8 11. Bf4 Be6 12. O-O-O Kd7 13. c4 Re8 14. Rhe1 Kc8 15. c5 Rd8 16. Bf3 Ne5 17. Be4 f6 18. Ne3 c6 19. cxd6 Bxd6 20. Bg3 Rhe8 21. Bxh7 Bxa2 22. Rxd6 Rxd6 23. b3 g6 24. Bxg6 Red8 25. Bf5+ Kc7 26. Kb2 Bxb3 27. Kxb3 b5 28. Ng4 Kb6 29. Nxe5 fxe5 30. Bxe5 Rd2 31. Bf4 R2d5 32. Be4 R5d7 33. h4 a5 34. h5 a4+ 35. Kb2 c5 36. h6 b4 37. h7 c4 38. Be5 c3+ 39. Ka2 Rd2 40. h8=Q Rxh8 41. Bxh8 Kc5 42. Bxc3 bxc3 43. f4 1-0


[Site "https://www.chess.com"]

[Event "Titled Tuesday Blitz April 25 Early 2023"]
[White "Deac, Bogdan-Daniel"]
[Black "Andreikin, Dmitry"]
[WhiteFideId "1226380"]
[BlackFideId "4158814"]
[WhiteElo "2649"]
[BlackElo "2736"]
[Result "1-0"]
[Round "08"]
[TimeControl "180+2"]
[Date "2023.04.25"]
[WhiteClock "0:00:05"]
[BlackClock "0:00:04"]

1. d4 d5 2. c4 e6 3. Nc3 a6 4. cxd5 exd5 5. a3 h6 6. Bf4 Nf6 7. e3 Bd6 8. Nge2 O-O 9. g3 c6 10. Bg2 Re8 11. O-O Bf8 12. h3 Nbd7 13. g4 Be7 14. f3 Nf8 15. e4 dxe4 16. fxe4 Ng6 17. Bg3 Be6 18. Qd3 Qb6 19. Qf3 Rad8 20. Bf2 Qc7 21. Rac1 Bc4 22. Kh1 b5 23. Bg3 Qb6 24. h4 c5 25. e5 cxd4 26. exf6 Bxf6 27. Ne4 Bxh4 28. Rxc4 bxc4 29. Qxf7+ Kh8 30. Bc7 Qxb2 31. Bxd8 Rxd8 32. Qxg6 Qxe2 33. Nd6 Kg8 34. Bd5+ Kh8 35. Nf7+ Kg8 36. Nxh6+ Kh8 37. Nf7+ Kg8 38. Nxd8+ Kh8 39. Rf8# 1-0


[Site "https://www.chess.com"]

[Event "Titled Tuesday Blitz April 25 Early 2023"]
[White "Mamedyarov, Shakhriyar"]
[Black "Shimanov, Aleksandr"]
[WhiteFideId "13401319"]
[BlackFideId "4198603"]
[WhiteElo "2704"]
[BlackElo "2631"]
[Result "1-0"]
[Round "08"]
[TimeControl "180+2"]
[Date "2023.04.25"]
[WhiteClock "0:00:14"]
[BlackClock "0:00:02"]

1. d4 d5 2. c4 e6 3. Nf3 Nf6 4. Nc3 c5 5. cxd5 Nxd5 6. e4 Nxc3 7. bxc3 cxd4 8. cxd4 Bb4+ 9. Bd2 Bxd2+ 10. Qxd2 O-O 11. Bc4 b5 12. Bxb5 Bb7 13. Bd3 Nc6 14. Rb1 Rb8 15. Qc3 Rc8 16. Qb2 Rc7 17. O-O Rd7 18. Bb5 Rd6 19. Rfd1 Ba8 20. h3 h6 21. Qc3 Ne7 22. Bd3 Qc8 23. Qxc8 Rxc8 24. Rdc1 Rxc1+ 25. Rxc1 Bc6 26. Kf1 f5 27. d5 fxe4 28. dxc6 exd3 29. c7 Nc8 30. Ke1 Rd5 31. Kd2 Kf7 32. Rc3 Ke7 33. Rxd3 Rd7 34. Rxd7+ Kxd7 35. Nd4 g6 36. Ke3 Kxc7 37. Nxe6+ Kd6 38. Nf4 g5 39. Ne2 Kd5 40. Kd3 Ne7 41. f4 gxf4 42. Nxf4+ Ke5 43. Ne2 Nd5 44. g3 Nb4+ 45. Kc4 Nc2 46. a4 Ke4 47. a5 Kf3 48. Nc3 Kxg3 49. Nb5 a6 50. Nc7 Kxh3 51. Nxa6 h5 52. Nb4 Ne3+ 53. Kc5 1-0


[Site "https://www.chess.com"]

[Event "Titled Tuesday Blitz April 25 Early 2023"]
[White "Nguyen, Ngoc Truong Son"]
[Black "Firouzja, Alireza"]
[WhiteFideId "12401110"]
[BlackFideId "12573981"]
[WhiteElo "2556"]
[BlackElo "2904"]
[Result "0-1"]
[Round "08"]
[TimeControl "180+2"]
[Date "2023.04.25"]
[WhiteClock "0:00:16"]
[BlackClock "0:00:05"]

1. d4 Nf6 2. Nf3 g6 3. c4 Bg7 4. Nc3 O-O 5. e4 d6 6. Be2 Na6 7. h3 e5 8. dxe5 dxe5 9. Qxd8 Rxd8 10. Be3 c6 11. O-O Re8 12. Rfd1 Bf8 13. a3 Nc5 14. Nd2 Ne6 15. Nf3 Bc5 16. b4 Bxe3 17. fxe3 Kg7 18. c5 h6 19. Bc4 a5 20. Kf2 Ng5 21. Nxg5 hxg5 22. Na4 axb4 23. axb4 Nxe4+ 24. Kf3 f5 25. Nb6 Rxa1 26. Rxa1 Be6 27. Bxe6 Rxe6 28. Rd1 Re7 29. Rd8 Nf6 30. Nc8 e4+ 31. Ke2 Re8 32. Rxe8 Nxe8 33. Nb6 Nc7 34. Nc4 Nd5 35. Na5 Nxb4 36. Nxb7 Kf6 37. Nd6 Nd3 38. Nb7 Ke6 39. Nd8+ Kd5 40. Nf7 Nxc5 41. Nxg5 Nd7 42. h4 c5 43. Nh3 Kc4 44. Nf4 Ne5 45. Ne6 Kb4 46. Kd2 c4 47. Nf4 Kb3 48. Ne2 Kb2 49. Nc3 Nd3 50. Nd1+ Kb3 51. g3 Ne5 0-1


[Site "https://www.chess.com"]

[Event "Titled Tuesday Blitz April 25 Early 2023"]
[White "Bluebaum, Matthias"]
[Black "Zhigalko, Sergei"]
[WhiteFideId "24651516"]
[BlackFideId "13502956"]
[WhiteElo "2638"]
[BlackElo "2626"]
[Result "1-0"]
[Round "08"]
[TimeControl "180+2"]
[Date "2023.04.25"]
[WhiteClock "0:00:36"]
[BlackClock "0:00:03"]

1. d4 Nf6 2. c4 e6 3. Nc3 Bb4 4. e3 O-O 5. Bd2 d6 6. Bd3 e5 7. Nge2 Re8 8. O-O c6 9. a3 Ba5 10. b4 Bc7 11. Qc2 Nbd7 12. Ng3 Nf8 13. h3 g6 14. Rad1 exd4 15. exd4 d5 16. cxd5 cxd5 17. Bg5 Be6 18. Bb5 h6 19. Bxf6 Qxf6 20. Bxe8 Rxe8 21. Nxd5 Bxd5 22. Qxc7 Ne6 23. Qe5 Qd8 24. Ne4 Bxe4 25. Qxe4 Ng5 26. Qxb7 Qd6 27. Rfe1 Rd8 28. Qe7 Qd5 29. Re5 Qa8 30. d5 Nh7 31. Rd3 Nf8 32. Rde3 Rxd5 33. Rxd5 Qxd5 34. Qxa7 Ne6 35. Qb8+ Kh7 36. Qe5 Qd1+ 37. Kh2 Qd2 38. Re2 Qd3 39. Qe3 Qd6+ 40. Qg3 Qd1 41. Re3 h5 42. b5 Ng7 43. Rd3 Qa1 44. b6 Nf5 45. Qc7 Kg7 46. b7 Ne3 47. Rxe3 1-0


[Site "https://www.chess.com"]